 Dungeon Crawl Stone Soup version 0.24.0-13-gcf9b3192b9 (webtiles) character file.

Game seed: 4174682081027418149, levelgen mode: deterministic

139 Delamore the Chopper (level 5, 0/45 HPs)
             Began as a Hill Orc Monk on Nov 5, 2019.
             Slain by an orc
             ... wielding a +0 whip
              (3 damage)
             ... while paralysed by Grinder
             ... on level 3 of the Dungeon.
             The game lasted 00:03:34 (2387 turns).

Delamore the Chopper (Hill Orc Monk)                Turns: 2387, Time: 00:03:34

Health: 0/45       AC:  7    Str: 15    XL:     5   Next: 22%
Magic:  5/5        EV:  2    Int: 10    God:
Gold:   122        SH:  0    Dex: 13    Spells: 4/4 levels left

rFire    . . .     SeeInvis .   a - +0 hand axe
rCold    . . .     Gourm    .   (no shield)
rNeg     . . .     Faith    .   s - +0 ring mail
rPois    .         Spirit   .   h - +0 helmet
rElec    .         Reflect  .   (no cloak)
rCorr    .         Harm     .   g - +0 pair of gloves
MR       .....     Rnd*Tele +   (no boots)
Stlth    +.........             (no amulet)
HPRegen  0.15/turn              d - ring of teleportation (curse)
MPRegen  0.09/turn              (no ring)

@: paralysed
A: no striking features
a: no special abilities


You were on level 3 of the Dungeon.
You were hungry.

You visited 1 branch of the dungeon, and saw 4 of its levels.

You collected 122 gold pieces.

Inventory:

Hand Weapons
 a - a +0 hand axe (weapon)
Armour
 g - a +0 pair of gloves (worn)
 h - a +0 helmet (worn)
 s - a +0 ring mail (worn)
Jewellery
 d - a cursed ring of teleportation (left hand)
Scrolls
 k - a scroll of fog {unknown}
 l - 2 scrolls of remove curse {unknown}
 n - a scroll of teleportation
 o - a scroll of amnesia {unknown}
 p - a scroll of identify {unknown}
 q - a scroll of magic mapping {unknown}
Potions
 e - 2 potions of heal wounds {unknown}
 f - 3 potions of agility {unknown}
 i - a potion of ambrosia {unknown}
 j - a potion of curing {unknown}
 m - a potion of lignification {unknown}
 r - 2 potions of flight {unknown}
Comestibles
 c - 4 rations


   Skills:
 - Level 3.6 Fighting
 + Level 7.5 Axes
 + Level 0.2 Armour
 - Level 2.4 Dodging
 - Level 1.5 Stealth


You had 4 spell levels left.
You didn't know any spells.
Your spell library was empty.

Dungeon Overview and Level Annotations

Branches:
Dungeon (4/15)
 Temple: D:4-7

Altars:

Annotations:
D:3 Grinder


Message History

You climb downwards. 2 orcs and an orc wizard come into view.
The orc wizard shouts!
The orc shouts!
Found 3 scrolls labeled EWNUPRIREDDE.
Found a stone staircase leading down.
There is a stone staircase leading up here.
The orc hits you but does no damage.
You climb upwards.
Level annotation: Grinder
There is a stone staircase leading down here.
Grinder blinks!
Grinder blinks!
Grinder hits you.
* * * LOW HITPOINT WARNING * * *
There is a stone staircase leading up here.
You see here 2 stones.
Grinder gestures at you.
You suddenly lose the ability to move!
Grinder completely misses you. The orc hits you with a +0 whip.
You die...

.. . #.# .# #.##
##.# ###..##... ...
#.......# ...
#.......# #.##
#.......#
....##...)@..####
.........5o.......
#.###.#........###..
#...#.#.$......#
##......#.####..#
....>..†.........##
#######....#######
#######...#
.........?#


You could see Grinder and an orc.

Vanquished Creatures
  Jessica (D:2)
  4 adders
  An ooze (D:1)
  3 worms
  A dart slug (D:1)
  A leopard gecko (D:1)
  3 orcs (D:3)
  3 giant cockroaches
  5 goblins
  6 hobgoblins
  6 jackals
  8 kobolds
  A quokka (D:3)
  4 bats
  5 frilled lizards
  9 rats
61 creatures vanquished.

Notes
Turn   | Place    | Note
-------+----------+-------------------------------------------
     0 | D:1      | Delamore the Hill Orc Monk began the quest for the Orb.
     0 | D:1      | Reached XP level 1. HP: 19/19 MP: 1/1
   409 | D:1      | Reached XP level 2. HP: 26/26 MP: 2/2
   682 | D:1      | Reached skill level 5 in Axes
   809 | D:1      | Reached XP level 3. HP: 26/31 MP: 3/3
  1719 | D:2      | Reached skill level 6 in Axes
  1887 | D:2      | Reached XP level 4. HP: 35/39 MP: 4/4
  1925 | D:2      | Noticed Jessica
  1935 | D:2      | Killed Jessica
  1935 | D:2      | Reached skill level 7 in Axes
  2302 | D:3      | Reached XP level 5. HP: 40/45 MP: 5/5
  2339 | D:3      | Noticed Grinder
  2380 | D:3      | HP: 2/45 [Grinder (6)]
  2385 | D:3      | Paralysed by Grinder for 7 turns
  2387 | D:3      | Slain by an orc

Levels and vault maps discovered:
D:1:      wander_arrival_lonely_grave, layout_basic
D:2:      layout_basic, uniq_jessica
D:3:      layout_rooms, uniq_grinder
D:4:      layout_rooms, minmay_temple_entry_junction,
          nemelex_lonely_heart_becter, uniq_robin

Skill      XL: |  1  2  3  4 |
---------------+-------------+-----
Axes           | 5 6 7 |  7.5
Fighting       | |  3.6
Armour         | |  0.2
Dodging        | |  2.4
Stealth        | |  1.5

Action                   |  1- 3 |  4- 6 || total
-------------------------+-------+-------++-------
Melee: Hand axe          |   114 |    70 ||   184
  Use: Scroll            |       |     1 ||     1
 Stab: Sleeping          |     4 |       ||     4
  Eat: Chunk             |     3 |     1 ||     4
Armor: Robe              |    19 |     6 ||    25
       Ring mail         |       |    22 ||    22
Dodge: Dodged            |    88 |    54 ||   142
